 Dungeon Crawl Stone Soup version 0.31-a0-431-g88bdf31460 (webtiles) character file.

Game seed: 16549560493579104296

161 GloriousHammer the Sneak (level 5, -3/29 HPs)
             Began as a Kobold Enchanter on Aug 1, 2023.
             Killed by divine providence
             ... invoked by an orc priest
              (13 damage)
             ... on level 3 of the Dungeon.
             The game lasted 00:05:39 (2664 turns).

GloriousHammer the Sneak (Kobold Enchanter)         Turns: 2664, Time: 00:05:40

Health: -3/29      AC:  4    Str:  5    XL:     5   Next: 70%
Magic:  1/9        EV: 14    Int: 16    God:
Gold:   129        SH:  0    Dex: 18    Spells: 4/10 levels left

rFire   . . .        q - +0 rapier
rCold   . . .        (no shield)
rNeg    . . .        m - +0 leather armour
rPois   .            (no helmet)
rElec   .            (no cloak)
rCorr   .            e - +0 pair of gloves
SInv    .            (no boots)
Will    .....        d - amulet of the acrobat
Stlth   ++++         (no ring)
HPRegen 0.24/turn    (no ring)
MPRegen 0.11/turn

%: acrobat
@: no status effects
A: small, no large weapons, nightstalker 3
a: no special abilities


You were on level 3 of the Dungeon.
You visited 1 branch of the dungeon, and saw 3 of its levels.

You collected 129 gold pieces.

Inventory:

Hand Weapons
 a - a +1 dagger
 p - a +0 sling
 q - a +0 rapier (weapon)
Missiles
 i - 2 throwing nets
Armour
 e - a +0 pair of gloves (worn)
 m - a +0 leather armour (worn)
Jewellery
 d - an amulet of the acrobat (around neck)
 Z - a ring of wizardry
Wands
 n - a wand of polymorph (6)
 r - a wand of charming (3)
Scrolls
 b - 3 scrolls of enchant weapon {unknown}
 h - a scroll of noise {unknown}
 j - 2 scrolls of identify {unknown}
 l - 3 scrolls of revelation {unknown}
 o - a scroll of teleportation {unknown}
 s - a scroll of immolation {unknown}
Potions
 c - 2 potions of invisibility
 f - a potion of brilliance {unknown}
 g - 2 potions of curing {unknown}
 k - a potion of haste {unknown}


   Skills:
 - Level 1.5 Fighting
 + Level 3.3 Short Blades
 - Level 2.4 Dodging
 + Level 5.2 Stealth
 + Level 3.2 Spellcasting
 + Level 3.8 Hexes


You had 4 spell levels left.
You knew the following spells:

 Your Spells              Type           Power      Damage    Failure   Level
a - Confusing Touch       Hex            14%        N/A       19%         3
b - Tukima's Dance        Hex            14%        N/A       19%         3

Your spell library contained the following spells:

 Spells                   Type           Power      Damage    Failure   Level
 Ensorcelled Hibernation  Hex/Ice        16%        N/A       22%         2
 Apportation              Tloc           4%         N/A       30%         1
 Necrotise                Necr           8%         1d4       30%         1
 Summon Small Mammal      Summ           8%         N/A       30%         1
 Dazzling Flash           Conj/Hex       16%        N/A       38%         3


Dungeon Overview and Level Annotations

Branches:
Dungeon (3/15)

Altars:
Qazlal


Innate Abilities, Weirdness & Mutations

You are small and have problems with some larger weapons.
You are completely attuned to the shadows.


Message History

You start waiting.
Done waiting.
There is a stone staircase leading up here.
A sky beast comes into view.
Found a stormy altar of Qazlal.
The helpless sky beast fails to defend itself.
You impale the sky beast!!
You kill the sky beast!
Your Short Blades skill increases to level 3!
Your Stealth skill increases to level 5!
Your Spellcasting skill increases to level 3!
You have reached level 5!
You feel agile.
Unknown command.
Found a mace.
You now have 129 gold pieces (gained 15).
You see here a +0 robe.
r - a wand of charming (3)
An endoplasm comes into view.
Found a scroll labelled NOLESY CEDE.
A ball python comes into view.
The helpless endoplasm fails to defend itself.
You impale the endoplasm!!
You kill the endoplasm!
You see here a scroll labelled NOLESY CEDE.
The helpless ball python fails to defend itself.
You skewer the ball python like a kebab!!!
You kill the ball python!
s - a scroll labelled NOLESY CEDE
Found an escape hatch in the floor.
Found a mace.
An orc comes into view. It is wielding a +0 club.
Found a stone staircase leading up.
Casting: Confusing Touch (quite dangerous; 19% risk of failure)
Confirm with . or Enter, or press ? or * to list all spells.
You don't know that spell.
Casting: Confusing Touch (quite dangerous; 19% risk of failure)
Confirm with . or Enter, or press ? or * to list all spells.
Aiming: Tukima's Dance (quite dangerous; 19% risk of failure)
Press: ? - help, Shift-Dir - straight line, f - orc
Aim: an orc, wielding a +0 club, wearing a +0 robe and quivering boomerangs (wandering, hasn't noticed you, chance to affect: 65%)
The orc shouts!
The orc struggles to resist.
You hear a shout! x2
An orc priest comes into view. It is wielding a +0 hand axe.
Casting: Tukima's Dance (quite dangerous; 19% risk of failure)
Confirm with . or Enter, or press ? or * to list all spells.
Aiming: Tukima's Dance (quite dangerous; 19% risk of failure)
Press: ? - help, Shift-Dir - straight line, f - orc priest, p - orc
Aim: an orc priest, wielding a +0 hand axe and wearing a +0 leather armour (chance to affect: 48%)
The +0 hand axe dances into the air!
The orc throws a boomerang.
The boomerang closely misses you.
An orc wizard comes into view. It is wielding a +0 dagger.
Casting: Tukima's Dance (quite dangerous; 19% risk of failure)
Confirm with . or Enter, or press ? or * to list all spells.
Aiming: Tukima's Dance (quite dangerous; 19% risk of failure)
Press: ? - help, Shift-Dir - straight line, f - orc, p - orc priest
Aim: an orc, wielding a +0 club, wearing a +0 robe and quivering boomerangs (chance to affect: 65%)
The +0 club dances into the air!
The orc hits your +0 club.
The orc throws a boomerang.
The boomerang hits your +0 club!
Your +0 club falls from the air.
The orc priest invokes the aid of Beogh against you.
Pain shoots through your body!
Something hits the orc priest.
You hear a shout!
The orc throws a boomerang.
The boomerang misses you.
An orc wizard comes into view. It is wielding a +0 dagger.
You closely miss the orc wizard. You miss the orc wizard.
Casting: Tukima's Dance (quite dangerous; 19% risk of failure)
Confirm with . or Enter, or press ? or * to list all spells.
You don't have enough magic to cast this spell.
You miss the orc wizard.
The orc wizard hits you but does no damage.
You hit the orc priest.
The orc priest is moderately wounded.
The orc wizard hits you but does no damage.
The orc priest barely misses you. The orc barely misses you.
You barely miss the orc priest.
The orc priest is moderately wounded.
The orc wizard hits you with a +0 dagger.
The orc priest hits you but does no damage.
The orc completely misses you.
You closely miss the orc priest.
The orc priest is moderately wounded.
The orc priest misses you.
The orc wizard hits you with a +0 dagger.
The orc misses you.
You hit the orc priest.
The orc priest is moderately wounded.
You hit the orc priest but do no damage.
The orc priest is moderately wounded.
The orc priest calls down the wrath of Beogh upon you.
Beogh smites you! The orc wizard misses you. The orc closely misses you.
Unknown command.
q - a +0 rapier (weapon)
The orc wizard hits you but does no damage.
The orc priest calls down the wrath of Beogh upon you.
Beogh smites you!
You die...

####### ##...).## .....#
##.......## ......#
#..>......# .......#
#.........#
.......###.........# ###
.<(....oo..........# #.##
......oo@..........###.##
....)..###...............
.......# #..............)
.......# #.........#.####
######## #.........#..###
#.........##.#†.
##.†.........#..
##.....###..... #######
#.....


You could see an orc priest, 2 orc wizards and an orc.

Vanquished Creatures
  A sky beast (D:3)
  2 adders (D:2)
  A worm (D:2)
  3 dart slugs
  An orc (D:3)
  6 endoplasms
  3 giant cockroaches
  2 goblins (D:1)
  5 hobgoblins
  A jackal (D:1)
  2 kobolds (D:1)
  A quokka (D:1)
  3 ball pythons
  7 bats
  2 frilled lizards (D:1)
  6 rats
46 creatures vanquished.

Vanquished Creatures (others)
  2 dancing weapons (D:3)
2 creatures vanquished.

Grand Total: 48 creatures vanquished

Notes
Turn   | Place    | Note
-------+----------+-------------------------------------------
     0 | D:1      | GloriousHammer the Kobold Enchanter began the quest for the
                  | Orb.
     0 | D:1      | Reached XP level 1. HP: 10/10 MP: 3/3
   138 | D:1      | Reached XP level 2. HP: 11/16 MP: 5/5
   563 | D:1      | Found a faded altar of an unknown god.
   720 | D:1      | Reached XP level 3. HP: 20/20 MP: 6/6
   724 | D:1      | Reached skill level 1 in Fighting
   992 | D:1      | Learned a level 3 spell: Confusing Touch
   996 | D:1      | Learned a level 3 spell: Tukima's Dance
  1796 | D:2      | Reached XP level 4. HP: 25/25 MP: 7/7
  2550 | D:3      | Found a stormy altar of Qazlal.
  2550 | D:3      | Noticed a sky beast
  2557 | D:3      | Killed a sky beast
  2558 | D:3      | Reached skill level 5 in Stealth
  2558 | D:3      | Reached XP level 5. HP: 29/29 MP: 9/9
  2664 | D:3      | Killed from afar by an orc priest

Illustrated notes

Levels and vault maps discovered:
D:1:      psy_arrival_dodecagon, layout_basic,
          dreamdust_ecumenical_altar_angels_and_demons, minmay_bisected
D:2:      layout_loops_corners
D:3:      layout_rooms, nicolae_uskayaw_suspiria, zin_angel,
          nicolae_qazlal_beasts_of_the_sky, minmay_misc_feat_enclosed

Skill      XL: |  1  2  3  4 |
---------------+-------------+-----
Short Blades   | 2 3 |  3.3
Fighting       | 1 |  1.5
Stealth        | 5 |  5.2
Spellcasting   | 3 |  3.2
Dodging        | |  2.4
Hexes          | |  3.8

Action                     |  1- 3 |  4- 6 || total
---------------------------+-------+-------++-------
  Melee: Dagger            |   111 |    29 ||   140
         Punch             |     1 |       ||     1
   Cast: Confusing Touch   |     1 |       ||     1
         Tukima's Dance    |       |     3 ||     3
   Stab: Sleeping          |    15 |     9 ||    24
 Armour: Robe              |     9 |       ||     9
         Leather armour    |     7 |     6 ||    13
  Dodge: Dodged            |    90 |    21 ||   111

Table legend: (Time is in decaauts)
 A = Elapsed time spent in this place.
 B = Non-inter-level travel time spent in this place.
 C = Inter-level travel time spent in this place.
 D = Time resting spent in this place.
 E = Time spent auto-exploring this place.
 F = Levels seen in this place.
 G = Mean time per level.
                   A        B        C        D        E       F      G
               +--------+--------+--------+--------+--------+-----+--------+
         Total |   2648 |   2469 |    179 |    539 |   1506 |   3 |  882.7 |
       Dungeon |   2648 |   2469 |    179 |    539 |   1506 |   3 |  882.7 |
               +--------+--------+--------+--------+--------+-----+--------+

Top non-repeatable levels by time:
     D:1: 1336 daAuts
     D:2: 1044 daAuts
     D:3: 268 daAuts
